 Dungeon Crawl Stone Soup version 0.29-a0-340-g6efceafd81 (webtiles) character file.

Game seed: 4496659890526604644

290 spaghetti the Slasher (level 6, 5/43 HPs)
             Began as an Octopode Fighter on Apr 19, 2022.
             Was a Plaything of Xom.
             Quit the game on level 5 of the Dungeon.
             The game lasted 00:05:17 (3181 turns).

spaghetti the Slasher (Octopode Fighter)            Turns: 3181, Time: 00:05:17

Health: 5/43       AC:  1    Str: 15    XL:     6   Next: 32%
Magic:  6/6        EV: 14    Int: 11    God:    Xom [.*....]
Gold:   82         SH:  4    Dex: 13    Spells: 5/5 levels left

rFire   . . .      SeeInvis .   a - +0 long sword {long}
rCold   . . .      Faith    .   b - +0 buckler
rNeg    . . .      Spirit   .   (helmet restricted)
rPois   .          Reflect  .   (no amulet)
rElec   .          Harm     .   (no ring)
rCorr   .          Rampage  .   (no ring)
Will    .....                   (no ring)
Stlth   ++........              (no ring)
HPRegen 0.14/turn               (no ring)
MPRegen 0.10/turn               (no ring)
                                (no ring)
                                (no ring)

@: lethally poisoned (5 -> -2)
A: almost no armour, amphibious, 8 rings, camouflage 1, gelatinous body 1,
(nimble swimmer 1), tentacles
a: Renounce Religion


You were on level 5 of the Dungeon.
You worshipped Xom.
You were a plaything of Xom.
You visited 1 branch of the dungeon, and saw 5 of its levels.

You collected 82 gold pieces.


Innate Abilities, Weirdness & Mutations

You cannot wear most types of armour.
You are amphibious.
You can wear up to eight rings at the same time.
Your skin changes colour to match your surroundings (Stealth+).
Your rubbery body absorbs attacks. (AC +1, EV +1)
((You are camouflaged when in or above water. (Stealth+)))
You have tentacles for arms and can constrict up to eight enemies at once.


   Skills:
 + Level 4.3 Fighting
 + Level 4.5 Long Blades
 - Level 0.4 Polearms
 + Level 4.3 Dodging
 - Level 3.0 Shields


You had 5 spell levels left.
You didn't know any spells.
Your spell library contained the following spells:

 Spells                   Type           Power      Damage    Failure   Level
 Conjure Flame            Conj/Fire      0%         6-21      80%         3
 Ignite Poison            Fire/Tmut/Pois 0%         N/A       80%         3
 Sticky Flame             Conj/Fire      0%         2d3       99%         4

Inventory:

Hand Weapons
 a - a +0 long sword (weapon) {long}
 l - a +0 halberd of protection {polearm}
   (You took it off a gnoll on level 3 of the Dungeon)
Missiles
 e - 98 stones (quivered) {throwing}
Armour
 b - a +0 buckler (worn)
Scrolls
 d - 3 scrolls of identify {unknown}
 g - a scroll of fear {unknown}
 h - 3 scrolls of fog {unknown}
 i - 3 scrolls of teleportation {unknown}
 j - a scroll of brand weapon {unknown}
 m - a scroll of summoning {unknown}
Potions
 c - 4 potions of might
 f - a potion of attraction {!q}
 k - a potion of haste {@q3}

Dungeon Overview and Level Annotations

Branches:
Dungeon (5/15)
 Temple: D:4-7

Altars:
Xom
The Shining One

##..#......# .
#.........## #...
#..##.....###....
#..........#.....
###..............
....#............
...##.)....##....
........##.......
.#.....l.@..#....
##....ooo.......
#.#.5..........
##..)).....##..
.................
...........#....
.........#####...
.........# ...
.....##..#


You could see an orc warrior, an iguana, 2 orcs and a friendly crimson imp
(summoned, very poisoned).


Message History

The necrophage barely misses you.
You hit the necrophage. You squeeze the necrophage.
You constrict the necrophage. The necrophage hits you. 😕 HP[-6]
You take 6 damage, and now have 37/43 hp.
You are too injured to fight recklessly!
You are too injured to fight recklessly!
You are too injured to fight recklessly!
You are too injured to fight recklessly!
You are too injured to fight recklessly!
You are too injured to fight recklessly!
You are too injured to fight recklessly!
You are too injured to fight recklessly!
You are too injured to fight recklessly!
You are too injured to fight recklessly!
You are too injured to fight recklessly!
You are too injured to fight recklessly!
You are too injured to fight recklessly!
You are too injured to fight recklessly!
You are too injured to fight recklessly!
You are too injured to fight recklessly!
You slash the necrophage! You constrict the necrophage.
You destroy the necrophage!
You start resting. 😎 HP[+6]
Your hp is fully restored (43).
An orc comes into view. It is wielding a +0 club.
An orc is nearby!
An orc is nearby!
An orc is nearby! 3 orcs come into view.
An orc is wielding a +0 hand axe of venom.
The orc shouts!
You hear an angry hiss.
An orc warrior comes into view. It is wielding a +0 battleaxe.
The orc shouts! x2; The orc warrior shouts!
The orc shouts!
You barely miss the orc. You grab the orc. You constrict the orc.
You block the orc's attack.
You hit the orc but do no damage. You squeeze the orc. You constrict the orc.
You kill the orc!
The orc barely misses you.
You closely miss the orc. You grab the orc. You constrict the orc.
An iguana comes into view.
The orc misses you.
The iguana hisses angrily.
You slash the orc!
You kill the orc!
The orc completely misses you. The orc warrior completely misses you.
You hit the orc warrior. You grab the orc warrior.
You constrict the orc warrior, but do no damage.
Xom opens a gate.
The orc hits you with a +0 dagger. The orc warrior misses you.
The orc barely misses you. 😕 HP[-2]
You take 2 damage, and now have 41/43 hp.
You hit the orc warrior but do no damage.
You constrict the orc warrior, but do no damage.
The orc hits you with a +0 dagger. The orc warrior barely misses you.
You block the orc's attack. 😕 HP[-1]
You take 1 damage, and now have 40/43 hp.
You hit the orc warrior. You constrict the orc warrior.
The orc barely misses you.
The orc closely misses your crimson imp.
The orc warrior hits you with a +0 battleaxe!!
Ouch! That really hurt!
* * * LOW HITPOINT WARNING * * *
The orc warrior closely misses your crimson imp.
The orc barely misses you.
Your crimson imp hits the orc warrior but does no damage.
The orc barely misses you.
The orc hits your crimson imp but does no damage.
Your crimson imp is poisoned.
The iguana closely misses your crimson imp.
The orc hits you with a +0 dagger.
* * * LOW HITPOINT WARNING * * *
The orc warrior closely misses you.
The orc warrior misses your crimson imp. 😨 HP[-26]
You take 26 damage, and now have 14/43 hp.
MASSIVE DAMAGE!! (PAUSE)
Okay, then.
You release your grip on the orc warrior.
The orc attacks as you move away! You block the orc's attack.
The orc closely misses your crimson imp.
The orc attacks as you move away! The orc closely misses you.
Your crimson imp hits the orc. 😨 HP[+1]
The orc attacks as you move away!
The orc hits you with a +0 hand axe of venom!
* * * LOW HITPOINT WARNING * * *
You are lethally poisoned!
The orc closely misses your crimson imp.
* * * LOW HITPOINT WARNING * * *
You feel very sick.
Your crimson imp hits the orc but does no damage. 😱 HP[-10]
You take 10 damage, and now have 5/43 hp.
MASSIVE DAMAGE!! (PAUSE)
Okay, then.
Are you sure you want to abandon this character and quit the game? (Confirm with "yes".)

Skill      XL: |  1  2  3  4  5 |
---------------+----------------+-----
Long Blades    | 3 4 |  4.5
Fighting       | 4 |  4.3
Dodging        | 4 |  4.3
Polearms       | |  0.4
Shields        | |  3.0

Action                   |  1- 3 |  4- 6 || total
-------------------------+-------+-------++-------
Melee: Long sword        |    51 |    82 ||   133
       Constrict         |    11 |    24 ||    35
       Tentacles         |     7 |    15 ||    22
       Punch             |     1 |       ||     1
  Use: Potion            |     3 |     2 ||     5
 Stab: Sleeping          |     8 |     2 ||    10
       Invisible         |     1 |       ||     1
Armor: Skin              |     3 |     5 ||     8
Dodge: Dodged            |    30 |    63 ||    93
Block: Buckler           |    10 |    13 ||    23

Levels and vault maps discovered:
D:1:      saegor_arrival_simple_d, layout_loops_cross
D:2:      layout_basic, chequers_ecumenical_altar_simple,
          minmay_small_reverse_x, uniq_natasha
D:3:      layout_rooms, grunt_dithmenos_smoke
D:4:      layout_basic, nicolae_tso_besieged_by_evil, kennysheep_generic_room_6
D:5:      layout_cave_pools, nicolae_figureground_sparkle,
          uniq_crazy_yiuf_cottage, uniq_eustachio, uniq_pikel

Notes
Turn   | Place    | Note
-------+----------+-------------------------------------------
     0 | D:1      | spaghetti the Octopode Fighter began the quest for the Orb.
     0 | D:1      | Reached XP level 1. HP: 16/16 MP: 1/1
     0 | D:1      | magus.rc [v1.9.6]
   202 | D:1      | Reached XP level 2. HP: 21/21 MP: 2/2
  1097 | D:2      | Reached XP level 3. HP: 26/26 MP: 3/3
  1107 | D:2      | HP: 6/26 [poisoned by an adder]
  1112 | D:2      | HP: 3/26 [poisoned by an adder]
  1411 | D:2      | Reached skill level 3 in Long Blades
  1700 | D:2      | Noticed Natasha
  1711 | D:2      | Reached XP level 4. HP: 31/31 MP: 4/4
  1771 | D:2      | Killed Natasha
  2136 | D:2      | Found a faded altar of an unknown god.
  2155 | D:2      | Reached XP level 5. HP: 18/37 MP: 5/5
  2176 | D:2      | Reached skill level 4 in Long Blades
  2179 | D:2      | Prayed at the altar of an unknown god.
  2179 | D:2      | Became a worshipper of Xom of Chaos
  2291 | D:2      | XOM: 2-stop teleportation journey
  2403 | D:2      | XOM: 1-stop teleportation journey
  2404 | D:2      | magus.rc [v1.9.6]
  2427 | D:3      | You add the spells Conjure Flame, Ignite Poison and Sticky
                  | Flame to your library.
  2531 | D:3      | XOM: confusion (+ monsters)
  2544 | D:3      | HP: 5/37 [gnoll/+0 halberd of protection (7)]
  2549 | D:3      | Reached skill level 4 in Fighting
  2549 | D:3      | Reached skill level 4 in Dodging
  2554 | D:3      | HP: 3/37 [adder (4)]
  2681 | D:2      | Noticed Natasha
  2685 | D:2      | HP: 8/37 [Natasha/magic dart (7)]
  2690 | D:2      | Killed Natasha
  2691 | D:2      | Reached XP level 6. HP: 11/43 MP: 6/6
  2976 | D:2      | XOM: summons 1 hostile demon
  3050 | D:2      | You fall into a shaft and drop 2 floors!
  3050 | D:4      | Found a glowing golden altar of the Shining One.
  3110 | D:5      | Entered Level 5 of the Dungeon
  3170 | D:5      | Noticed an orc warrior
  3176 | D:5      | XOM: summons friendly crimson imp
  3180 | D:5      | HP: 8/43 [orc/+0 hand axe of venom (7)]
  3181 | D:5      | Quit the game

Vanquished Creatures
  A necrophage (D:5)
  Natasha (twice) (D:2)
  4 adders
  8 gnolls
  2 worms
  4 dart slugs
  3 orcs
  A bat (D:1)
  6 endoplasms
  A giant cockroach (D:1)
  4 hobgoblins
  3 jackals (D:1)
  4 ball pythons
  3 frilled lizards (D:1)
  6 goblins
  3 kobolds
  8 rats
63 creatures vanquished.

Table legend:
 A = Non-vault XP
 B = Vault XP
 C = Vault XP percentage of total XP
 D = Non-vault monster count
 E = Vault monster count
 F = Vault count percentage of total count
                 A         B        C        D         E       F
            +---------+---------+-------+---------+---------+-------
      Total |     359 |      56 |  13.5 |      58 |       5 |   7.9
            +---------+---------+-------+---------+---------+-------
        D:1 |      31 |       0 |   0.0 |      20 |       0 |   0.0
        D:2 |     163 |      56 |  25.6 |      22 |       5 |  18.5
        D:3 |      75 |       0 |   0.0 |      13 |       0 |   0.0
        D:5 |      90 |       0 |   0.0 |       3 |       0 |   0.0
            +---------+---------+-------+---------+---------+-------

Illustrated notes

Table legend:
 A = Kills in this place as a percentage of kills in entire the game.
 B = Kills by you in this place as a percentage of kills by you in the entire game.
 C = Kills by friends in this place as a percentage of kills by friends in the entire game.
 D = Other kills in this place as a percentage of other kills in the entire game.
 E = Experience gained in this place as a percentage of experience gained in the entire game.
 F = Experience gained in this place divided by the number of levels of this place that you have seen.
                   A       B       C       D       E      F
               +-------+-------+-------+-------+-------+----------------------
         Total | 100.0 | 100.0 |   N/A | 100.0 | 100.0 |  83.0
       Dungeon | 100.0 | 100.0 |   N/A | 100.0 | 100.0 |  83.0
               +-------+-------+-------+-------+-------+----------------------

Table legend: (Time is in decaauts)
 A = Elapsed time spent in this place.
 B = Non-inter-level travel time spent in this place.
 C = Inter-level travel time spent in this place.
 D = Time resting spent in this place.
 E = Time spent auto-exploring this place.
 F = Levels seen in this place.
 G = Mean time per level.
                   A        B        C        D        E       F      G
               +--------+--------+--------+--------+--------+-----+--------+
         Total |   3214 |   3133 |     81 |   1170 |   1448 |   5 |  642.8 |
       Dungeon |   3214 |   3133 |     81 |   1170 |   1448 |   5 |  642.8 |
               +--------+--------+--------+--------+--------+-----+--------+

Top non-repeatable levels by time:
     D:2: 1606 daAuts
     D:1: 1308 daAuts
     D:3: 166 daAuts
     D:5: 72 daAuts
     D:4: 59 daAuts
